 Dungeon Crawl Stone Soup version 0.28-a0-1206-g193881aaa2 (webtiles) character file.

Game seed: 4494655940444062486

420 leviel the Chopper (level 6, 0/56 HPs)
             Began as a Hill Orc Fighter on Dec 21, 2021.
             Slain by a lemure (2 damage)
             ... led by Pikel
             ... on level 4 of the Dungeon.
             The game lasted 00:02:56 (3253 turns).

leviel the Chopper (Hill Orc Fighter)               Turns: 3253, Time: 00:02:57

Health: 0/56       AC:  9    Str: 21    XL:     6   Next: 94%
Magic:  6/6        EV:  6    Int:  8    God:
Gold:   222        SH:  4    Dex: 10    Spells: 5/5 levels left

rFire   . . .      SeeInvis .   a - +0 war axe
rCold   . . .      Faith    .   c - +0 buckler
rNeg    . . .      Spirit   .   b - +2 scale mail
rPois   .          Reflect  .   (no helmet)
rElec   .          Harm     .   (no cloak)
rCorr   .          Rampage  .   (no gloves)
Will    .....                   (no boots)
Stlth   ..........              (no amulet)
HPRegen 0.18/turn               (no ring)
MPRegen 0.10/turn               (no ring)

@: mighty, constricted
A: no striking features
a: no special abilities


You were on level 4 of the Dungeon.
You visited 1 branch of the dungeon, and saw 4 of its levels.

You collected 222 gold pieces.

Inventory:

Hand Weapons
 a - a +0 war axe (weapon)
Armour
 b - a +2 scale mail (worn)
 c - a +0 buckler (worn)
Scrolls
 f - 2 scrolls of teleportation
 g - 2 scrolls of vulnerability {unknown}
 h - a scroll of immolation {unknown}
 i - 2 scrolls of fog
Potions
 e - a potion of haste {unknown}
 j - a potion of curing {unknown}


   Skills:
 + Level 5.5 Fighting
 * Level 6.1 Axes
 + Level 5.1 Armour
 - Level 4.0 Shields


You had 5 spell levels left.
You didn't know any spells.
Your spell library contained the following spells:

 Spells                   Type           Power      Damage    Failure   Level
 Blink                    Tloc           0%         N/A       86%         2
 Manifold Assault         Tloc           0%         N/A       100%        5
 Storm Form               Tmut/Air       0%         N/A       100%        7


Dungeon Overview and Level Annotations

Branches:
Dungeon (4/15)
 Temple: D:4-7

Altars:
Kikubaaqudgha

Annotations:
D:4 Pikel


Message History

The lemure closely misses you. The hound bites you.
You feel very mighty all of a sudden. You block the hound's attack.
The lemure hits you. The hound barely misses you.
You slash the hound!
The hound is severely wounded.
You closely miss the lemure. The lemure hits you!
The hound bites you but does no damage. The lemure hits you but does no damage.
You completely miss the hound.
The hound is severely wounded.
You hit the lemure. The hound bites you but does no damage.
The hound barely misses you. The lemure hits you.
You barely miss the hound.
The hound is severely wounded.
You slash the lemure! The hound bites you. The lemure closely misses you.
The hound bites you but does no damage.
You barely miss the hound.
The hound is severely wounded.
You barely miss the lemure. The hound bites you. The lemure hits you.
* * * LOW HITPOINT WARNING * * *
Pikel cracks his whip.
The hound bites you but does no damage.
You slash the hound!
You kill the hound!
You slash the lemure! The lemure hits you but does no damage.
The ball python barely misses you. The ball python grabs you.
The ball python constricts you.
Your Axes skill increases to level 6!
You barely miss the ball python. You hit the lemure. The lemure hits you.
* * * LOW HITPOINT WARNING * * *
The ball python bites you.
* * * LOW HITPOINT WARNING * * *
The ball python constricts you.
* * * LOW HITPOINT WARNING * * *
The lemure hits you.
* * * LOW HITPOINT WARNING * * *
The ball python's grasp on you weakens, but your attempt to escape fails.
The ball python closely misses you. The ball python constricts you.
* * * LOW HITPOINT WARNING * * *
The lemure hits you.
You die...

## ... ... #
#.# ### . ..#
#5. #.#
#c#####
#5#SK....#
##@## ##...##
#
######.....#.#
#............#
#.####.....###
#....## ###
#.#.#.... ..#
#)###(### #.#
#.# ##


You could see Pikel, 2 lemures, a centaur and a ball python.

Vanquished Creatures
  An ogre (D:4)
  A lemure (D:4)
  A phantom (D:3)
  A scorpion (D:4)
  A water moccasin skeleton (D:4)
  A hound (D:4)
  A jelly (D:4)
  Natasha (D:4)
  2 adders
  A worm (D:3)
  3 dart slugs (D:1)
  An orc (D:4)
  5 ball pythons
  5 bats
  4 endoplasms
  4 giant cockroaches
  2 goblins
  10 hobgoblins
  4 kobolds
  3 quokkas
  3 frilled lizards
  2 rats (D:3)
57 creatures vanquished.

Notes
Turn   | Place    | Note
-------+----------+-------------------------------------------
     0 | D:1      | leviel the Hill Orc Fighter began the quest for the Orb.
     0 | D:1      | Reached XP level 1. HP: 19/19 MP: 1/1
   155 | D:1      | Reached XP level 2. HP: 26/27 MP: 2/2
   158 | D:1      | Reached skill level 3 in Axes
   341 | D:1      | Found a faded altar of an unknown god.
   579 | D:1      | Reached XP level 3. HP: 33/33 MP: 3/3
  1121 | D:2      | Found an ancient bone altar of Kikubaaqudgha.
  1668 | D:3      | Reached XP level 4. HP: 36/40 MP: 4/4
  1877 | D:3      | Noticed a phantom
  1901 | D:3      | Killed a phantom
  1902 | D:3      | Reached skill level 4 in Axes
  1902 | D:3      | Reached XP level 5. HP: 18/47 MP: 5/5
  2879 | D:4      | Reached skill level 5 in Fighting
  2879 | D:4      | Reached skill level 5 in Axes
  2879 | D:4      | Reached XP level 6. HP: 31/56 MP: 6/6
  3141 | D:4      | Noticed Natasha
  3147 | D:4      | Killed Natasha
  3190 | D:4      | Reached skill level 5 in Armour
  3240 | D:4      | Noticed Pikel
  3252 | D:4      | Reached skill level 6 in Axes
  3252 | D:4      | HP: 2/56 [lemure[Pikel] (3)]
  3253 | D:4      | Slain by a lemure

Illustrated notes

Levels and vault maps discovered:
D:1:      pf_arrival_petrified_forest, layout_basic, basic_ecumenical_altar
D:2:      layout_basic, basic_altar, minmay_misc_feat_alley
D:3:      layout_basic
D:4:      layout_loops_ring, chequers_temple_overflow_minitemple,
          hangedman_feature_mirror, ebering_dispersal_statue_hall, uniq_natasha,
          uniq_pikel

Skill      XL: |  1  2  3  4  5  6 |
---------------+-------------------+-----
Axes           | 3 4 5 6 |  6.1
Fighting       | 4 5 |  5.5
Armour         | 4 5 |  5.1
Shields        | 4 |  4.0

Action                   |  1- 3 |  4- 6 || total
-------------------------+-------+-------++-------
Melee: War axe           |    89 |   106 ||   195
  Use: Scroll            |       |     5 ||     5
       Potion            |       |     2 ||     2
Armor: Scale mail        |    31 |    52 ||    83
Dodge: Dodged            |    40 |    38 ||    78
Block: Buckler           |    25 |    23 ||    48

Table legend: (Time is in decaauts)
 A = Elapsed time spent in this place.
 B = Non-inter-level travel time spent in this place.
 C = Inter-level travel time spent in this place.
 D = Time resting spent in this place.
 E = Time spent auto-exploring this place.
 F = Levels seen in this place.
 G = Mean time per level.
                   A        B        C        D        E       F      G
               +--------+--------+--------+--------+--------+-----+--------+
         Total |   3312 |   3237 |     75 |    631 |   2169 |   4 |  828.0 |
       Dungeon |   3312 |   3237 |     75 |    631 |   2169 |   4 |  828.0 |
               +--------+--------+--------+--------+--------+-----+--------+

Top non-repeatable levels by time:
     D:3: 1166 daAuts
     D:1: 932 daAuts
     D:2: 727 daAuts
     D:4: 486 daAuts
